 Dungeon Crawl Stone Soup version 0.32-a0-918-g0f22ef8d61 (webtiles) character file.

Game seed: 17804435158789847039

14149 jlumianski the Cleaver (level 12, -2/91 HPs)
             Began as a Coglin Gladiator on Apr 10, 2024.
             Was a Believer of Qazlal.
             Slain by a wolf spider (6 damage)
             ... on level 10 of the Dungeon.
             The game lasted 01:03:14 (10854 turns).

jlumianski the Cleaver (Coglin Gladiator)          Turns: 10854, Time: 01:03:15

Health: -2/91      AC: 16    Str: 18    XL:     12   Next: 13%
Magic:  15/15      EV:  9    Int:  7    God:    Qazlal [**....]
Gold:   478        SH:  3    Dex: 18    Spells: 11/11 levels left

rFire   . . .        a - +0 war axe (venom) {Huemac}
rCold   . . .        d - +2 demon whip (venom) {Adalbert}
rNeg    . . .        m - +0 chain mail
rPois   .            c - +2 helmet
rElec   .            r - +1 cloak
rCorr   .            (no gloves)
SInv    .            (no boots)
Will    .....        (amulet unavailable) Stlth
                     (ring unavailable)
HPRegen 0.35/turn    (ring unavailable)
MPRegen 0.14/turn    (no gizmo)

%: no passive effects
@: revving
A: off-hand wielding, slow wielding, warmup strikes, no jewellery
a: Invent Gizmo, Renounce Religion, Upheaval


You were on level 10 of the Dungeon.
You worshipped Qazlal.
Qazlal was pleased with you.
You visited 2 branches of the dungeon, and saw 12 of its levels.

You collected 604 gold pieces.
You spent 126 gold pieces at shops.

Inventory:

Hand Weapons
 a - a +0 war axe of venom (weapon) {Huemac}
 d - a +2 demon whip of venom (offhand) {Adalbert}
Missiles
 e - 3 javelins
 f - 5 atropa-tipped darts
 y - 22 poisoned darts
 J - 8 boomerangs (quivered)
 O - a throwing net
 T - a curare-tipped dart
Armour
 c - a +2 helmet (worn)
 m - a +0 chain mail (worn)
 r - a +1 cloak (worn)
Wands
 k - a wand of paralysis (34)
 H - a wand of flame (30)
 L - a wand of polymorph (5)
 N - a wand of mindburst (7)
Scrolls
 o - 5 scrolls of teleportation
 s - a scroll of poison
 u - a scroll of fear
 x - a scroll of blinking
 z - a scroll of revelation
 M - a scroll of butterflies
Potions
 b - a potion of lignification {unknown}
 l - a potion of curing
 A - 2 potions of brilliance
 B - a potion of attraction
 C - a potion of cancellation {unknown}
 E - a potion of might


   Skills:
 + Level 7.3 Fighting
 - Level 4.3 Short Blades
 + Level 10.8(11.8) Axes
 * Level 7.0(9.5) Maces & Flails
 + Level 2.9 Throwing
 + Level 7.5 Armour
 + Level 4.5 Dodging
 - Level 2.1 Stealth
 + Level 0.2 Shields
 * Level 4.7 Invocations
 + Level 2.0 Evocations


You had 11 spell levels left.
You didn't know any spells.
Your spell library contained the following spells:

 Spells                   Type           Power      Damage    Failure   Level
 Blink                    Tloc           0%         N/A       99%         2
 Lesser Beckoning         Tloc           0%         N/A       99%         2
 Momentum Strike          Conj/Tloc      0%         3d8       99%         2
 Cause Fear               Hex            0%         N/A       100%        4
 Fireball                 Conj/Fire      0%         3d3       100%        5
 Dragon's Call            Summ           0%         N/A       100%        9


Dungeon Overview and Level Annotations

Branches:
Dungeon (11/15)            Temple (1/1) D:7            Lair (0/5) D:10
    Orc: D:9-12

Altars:
Ashenzari
Cheibriados
Dithmenos
Elyvilon
Fedhas
Gozag
Hepliaklqana
Kikubaaqudgha
Makhleb
Nemelex Xobeh
Okawaru
Qazlal
Ru
Sif Muna
Trog
Uskayaw
Vehumet
Wu Jian
Xom
Yredelemnul
Zin
The Shining One

Shops:
D:6 *   D:7 *


Innate Abilities, Weirdness & Mutations

You can wield a second weapon in your off-hand.
It takes a long time for you to wield or remove held weapons.
Your first few attacks do less damage.
You cannot equip rings or amulets.


Message History

The wolf spider bites you!
The wolf spider attacks as it pursues you!
The wolf spider barely misses you. The wolf spider closely misses you.
The wolf spider attacks as it pursues you!
The wolf spider hits you!
The wolf spider bites you but does no damage.
The wolf spider closely misses you.
The wolf spider bites you but does no damage.
You hear a bellow!
The wolf spider attacks as it pursues you!
The wolf spider hits you!
The wolf spider bites you but does no damage.
You barely miss the wolf spider with your +0 war axe of venom.
You whack the wolf spider with your +2 demon whip of venom!
The wolf spider is poisoned.
The wolf spider hits you but does no damage.
The wolf spider bites you.
You are lethally poisoned!
The wolf spider poisons you!
A yak comes into view.
* * * LOW HITPOINT WARNING * * *
You feel extremely sick.
The wolf spider hits you but does no damage.
The wolf spider bites you but does no damage.
The yak barely misses you.
You barely miss the wolf spider with your +0 war axe of venom.
The wolf spider is moderately wounded.
You slash the yak with your +0 war axe of venom!
You barely miss the wolf spider with your +2 demon whip of venom.
* * * LOW HITPOINT WARNING * * *
You feel very sick. The wolf spider hits you.
* * * LOW HITPOINT WARNING * * *
The wolf spider bites you but does no damage.
You feel better. The wolf spider hits you!
* * * LOW HITPOINT WARNING * * *
The wolf spider bites you.
* * * LOW HITPOINT WARNING * * *
The yak barely misses you. The wolf spider hits you.
You die...

.##########.............:..#
..........................### .
.###########..............#.###O#
.# #............###.O....
.###########..........####c###.#.
....................###.#.## #.#
...........>......####.#.#.# .#
.##########.#...###O#.#.#.#.# )
.##########.#.##@sc#.#.#.#..# %
...............Y###.#.#.#.#.#
................).####.#.#.#.#
....................###.#.###.#
......................####.# #.#
........................###.. ..
<..)......................#..
.....>....................##
...............##########..#


You could see a yaktaur captain, a wolf spider (very poisoned), a two-headed
ogre and a yak.

Vanquished Creatures
  2 boulder beetles (D:8)
  3 two-headed ogres
  Amaemon (D:8)
  Pikel (D:7)
  A cyclops (D:9)
  Joseph (D:8)
  Maggie (D:8)
  An orange demon (D:7)
  Jeremiah (D:7)
  A komodo dragon (D:10)
  A troll (D:8)
  30 yaks
  A shadow (D:9)
  5 steam dragons
  A vampire mosquito (D:9)
  2 acid dragons
  2 water moccasins
  Duvessa (D:7)
  A sky beast (D:6)
  2 black bears
  2 centaurs (D:9)
  3 kobold brigands
  A phantom (D:6)
  Blork the orc (D:6)
  2 bullfrogs (D:8)
  A gnoll sergeant (D:10)
  A scorpion (D:5)
  3 wights
  Dowan (D:7)
  9 killer bees
  3 howler monkeys
  2 hounds
  8 orc priests
  A jelly (D:6)
  A bombardier beetle (D:9)
  3 iguanas
  6 orc wizards
  10 gnolls
  2 adders (D:5)
  A shadow imp (D:5)
  3 white imps (D:6)
  2 ufetubi (D:6)
  4 dart slugs
  25 orcs
  6 ball pythons
  6 endoplasms
  3 giant cockroaches
  9 goblins
  4 hobgoblins
  6 jackals
  A quokka (D:1)
  3 bats
  5 frilled lizards
  12 kobolds
  5 rats
214 creatures vanquished.

Vanquished Creatures (others)
  A howler monkey (D:6)
  An orc (D:6)
2 creatures vanquished.

Grand Total: 216 creatures vanquished

Notes
Turn   | Place    | Note
-------+----------+-------------------------------------------
     0 | D:1      | jlumianski the Coglin Gladiator began the quest for the
                  | Orb.
     0 | D:1      | Reached XP level 1. HP: 16/16 MP: 1/1
   145 | D:1      | Reached XP level 2. HP: 19/22 MP: 2/2
   598 | D:1      | Reached XP level 3. HP: 28/28 MP: 3/3
  1250 | D:2      | Reached skill level 1 in Armour
  1257 | D:2      | Reached XP level 4. HP: 17/34 MP: 4/4
  1264 | D:2      | Reached skill level 1 in Short Blades
  2137 | D:3      | Found an iron altar of Okawaru.
  2146 | D:3      | Found a glowing golden altar of the Shining One.
  2211 | D:3      | You fall into a shaft and drop 2 floors!
  2211 | D:5      | Entered Level 5 of the Dungeon
  2217 | D:6      | Noticed Blork the orc
  2242 | D:5      | Noticed a water moccasin
  2249 | D:5      | Killed a water moccasin
  2250 | D:5      | Reached skill level 4 in Axes
  2250 | D:5      | Reached XP level 5. HP: 13/39 MP: 5/5
  2470 | D:3      | Found a radiant altar of Vehumet.
  2859 | D:4      | Noticed a water moccasin
  2869 | D:4      | Killed a water moccasin
  2870 | D:4      | Reached XP level 6. HP: 39/47 MP: 6/6
  2985 | D:4      | Found a bloodstained altar of Trog.
  3167 | D:4      | Found a hide-covered altar of Uskayaw.
  3638 | D:5      | Reached skill level 5 in Axes
  3887 | D:6      | Reached XP level 7. HP: 43/52 MP: 7/7
  3891 | D:6      | Killed Blork the orc
  4033 | D:7      | Noticed Dowan
  4085 | D:6      | Found a broken altar of Ashenzari.
  4138 | D:7      | Identified the +5 trident "Suiq" {venom, *Slow Str+5 Dex+4}
  4270 | D:6      | Noticed a steam dragon
  4274 | D:6      | Reached skill level 6 in Axes
  4288 | D:6      | Noticed a steam dragon
  4297 | D:6      | Killed a steam dragon
  4298 | D:6      | Reached skill level 1 in Stealth
  4298 | D:6      | Reached XP level 8. HP: 18/60 MP: 8/8
  4546 | D:6      | Found a blossoming altar of Fedhas.
  4683 | D:6      | Found Woippud's Assorted Antiques.
  4726 | D:6      | Bought a scroll of identify for 42 gold pieces
  4726 | D:6      | Bought an ivory wand for 84 gold pieces
  4736 | D:7      | Noticed Duvessa
  4782 | D:7      | Killed Duvessa
  4792 | D:7      | Killed Dowan
  4801 | D:7      | Noticed Jeremiah
  4923 | D:6      | Reached skill level 7 in Axes
  5252 | D:7      | Killed Jeremiah
  5253 | D:7      | Reached skill level 1 in Evocations
  5253 | D:7      | Reached XP level 9. HP: 46/66 MP: 9/9
  5362 | D:8      | Reached skill level 8 in Axes
  5594 | D:8      | Noticed a two-headed ogre
  5606 | D:8      | Killed a two-headed ogre
  5607 | D:8      | Reached skill level 5 in Fighting
  5712 | D:7      | Reached skill level 5 in Armour
  5762 | D:7      | Found Muupn's Overcharged Wands.
  5943 | D:7      | Found a staircase to the Ecumenical Temple.
  5954 | Temple   | Entered the Ecumenical Temple
  6003 | Temple   | Became a worshipper of Qazlal Stormbringer
  6169 | D:8      | Noticed an orange demon
  6169 | D:8      | Noticed Amaemon
  6241 | D:7      | Killed an orange demon
  6350 | D:8      | Killed Amaemon
  6351 | D:8      | Reached skill level 9 in Axes
  6351 | D:8      | Reached skill level 1 in Invocations
  6351 | D:8      | Reached XP level 10. HP: 14/76 MP: 9/11
  6663 | D:8      | Found a shimmering blue altar of Sif Muna.
  6665 | D:8      | Noticed Joseph
  6825 | D:8      | Noticed Pikel
  6848 | D:7      | Killed Pikel
  6849 | D:7      | Reached skill level 1 in Maces & Flails
  6909 | D:8      | Found a white marble altar of Elyvilon.
  6947 | D:8      | Noticed Maggie
  6959 | D:8      | Killed Maggie
  7052 | D:8      | Killed Joseph
  7187 | D:8      | Found a hazy altar of Hepliaklqana.
  8022 | D:9      | Found a snail-covered altar of Cheibriados.
  8111 | D:10     | Entered Level 10 of the Dungeon
  8185 | D:10     | Reached * piety under Qazlal
  8221 | D:9      | Reached XP level 11. HP: 21/81 MP: 13/13
  8419 | D:9      | Reached skill level 10 in Axes
  8467 | D:9      | Noticed a boulder beetle
  8468 | D:9      | Noticed a boulder beetle
  8488 | D:8      | Killed a boulder beetle
  8538 | D:8      | Killed a boulder beetle
  8810 | D:9      | Noticed a cyclops
  8816 | D:9      | Killed a cyclops
  8817 | D:9      | Reached skill level 5 in Maces & Flails
  9310 | D:10     | Noticed a two-headed ogre
  9353 | D:9      | Killed a two-headed ogre
  9494 | D:10     | Noticed a two-headed ogre
  9505 | D:10     | Killed a two-headed ogre
  9903 | D:11     | Noticed a two-headed ogre
  9934 | D:10     | Reached ** piety under Qazlal
 10194 | D:10     | Found a staircase to the Lair.
 10421 | D:10     | Reached XP level 12. HP: 58/91 MP: 15/15
 10643 | D:10     | Found an ancient bone altar of Kikubaaqudgha.
 10643 | D:10     | Found an opulent altar of Gozag.
 10838 | D:10     | Noticed a yaktaur captain
 10841 | D:10     | Noticed a two-headed ogre
 10854 | D:10     | HP: 4/91 [wolf spider (2)]
 10854 | D:10     | Slain by a wolf spider

Illustrated notes

Levels and vault maps discovered:
D:1:      saegor_arrival_under_anarchy, layout_loops_ring, grunt_decor_cap,
          minmay_misc_feat_nine_boxes, minmay_pentomino_q4
D:2:      layout_basic, st_stairs_3, chequers_serial_rivers_large_a
D:3:      layout_rooms, mainiacjoe_overflow_alcove_1,
          mainiacjoe_overflow_cross_hatched, mainiacjoe_overflow_alcove_4
D:4:      layout_loops_cross, trog_three_pillars_becter,
          nicolae_uskayaw_murder_on_the_dancefloor
D:5:      layout_loops_ring
D:6:      layout_cave_pods, nicolae_ashenzari_panopticon, kennysheep_little_box,
          serial_shops, nicolae_shop_tiny_statue_garden, uniq_blork_the_orc
D:7:      layout_rooms, minmay_temple_entry_gardened_gates, minmay_crystal_room,
          nicolae_shop_overcharged_wands, uniq_jeremiah, uniq_duvessa
D:8:      layout_basic, mainiacjoe_overflow_surrounded_room,
          amcnicky_altar_gilded, mainiacjoe_overflow_brackets, uniq_amaemon,
          uniq_pikel, uniq_joseph, uniq_maggie
D:9:      layout_big_octagon, slow_altar_1, minmay_bent
D:10:     minmay_the_grid_four_pointed_star_mashed
          [minmay_the_grid_triangle_9x9_dagger,
          minmay_the_grid_triangle_9x9_checkered,
          minmay_the_grid_triangle_9x9_empty,
          minmay_the_grid_triangle_9x9_stretched_checkered,
          minmay_the_grid_prize_diamond_cup], layout_long_grid,
          gammafunk_temple_overflow_pools, david_lair_shrubbed
D:11:     layout_cave_pods, erik_orc_4, hangedman_decor_peaks_small, uniq_snorg
Temple:   dpeg_three_leaves_temple

Skill      XL: |  1  2  3  4  5  6  7  8  9 10 11 12 |
---------------+-------------------------------------+-----
Dodging        | 3 4 |  4.5
Armour         | 1 2 3 4 5 6 7 |  7.5
Short Blades   | 1 2 3 4 |  4.3
Axes           | 4 5 6 7 9 10 | 10.8
Fighting       | 3 4 5 6 7 |  7.3
Throwing       | 2 |  2.9
Stealth        | 1 2 |  2.1
Evocations     | 1 2 |  2.0
Invocations    | 1 3 4 |  4.7
Maces & Flails | 4 6 7 |  7.0
Shields        | |  0.2

Action                     |  1- 3 |  4- 6 |  7- 9 | 10-12 || total
---------------------------+-------+-------+-------+-------++-------
  Melee: War axe           |    76 |    76 |   181 |   207 ||   540
         Dagger            |    73 |    71 |   164 |       ||   308
         Demon whip        |       |       |       |   213 ||   213
  Throw: Dart              |       |     3 |     8 |     4 ||    15
         Throwing net      |       |       |     4 |       ||     4
         Javelin           |       |       |     1 |       ||     1
         Boomerang         |       |       |       |     2 ||     2
  Evoke: Wand              |       |       |    10 |     2 ||    12
    Use: Scroll            |       |     4 |     9 |     6 ||    19
         Potion            |       |     2 |     5 |     2 ||     9
   Stab: Paralysed         |       |       |    10 |       ||    10
         Held in net/web   |       |       |     3 |       ||     3
 Armour: Leather armour    |    68 |     2 |       |       ||    70
         Ring mail         |       |    55 |    73 |       ||   128
         Chain mail        |       |       |    93 |   300 ||   393
  Dodge: Dodged            |    76 |    50 |    98 |   150 ||   374
  Block: Other             |       |       |       |    13 ||    13

Table legend: (Time is in decaauts)
 A = Elapsed time spent in this place.
 B = Non-inter-level travel time spent in this place.
 C = Inter-level travel time spent in this place.
 D = Time resting spent in this place.
 E = Time spent auto-exploring this place.
 F = Levels seen in this place.
 G = Mean time per level.
                   A        B        C        D        E       F      G
               +--------+--------+--------+--------+--------+-----+--------+
         Total |  10888 |  10676 |    212 |   2596 |   5020 |  12 |  907.3 |
       Dungeon |  10828 |  10616 |    212 |   2596 |   5020 |  11 |  984.4 |
        Temple |     60 |     60 |      0 |      0 |      0 |   1 |   60.0 |
               +--------+--------+--------+--------+--------+-----+--------+

Top non-repeatable levels by time:
     D:8: 2046 daAuts
    D:10: 1789 daAuts
     D:6: 1254 daAuts
     D:1: 1167 daAuts
     D:7: 904 daAuts
     D:9: 898 daAuts
     D:2: 884 daAuts
     D:5: 846 daAuts
     D:4: 607 daAuts
     D:3: 401 daAuts
  Temple: 60 daAuts
    D:11: 27 daAuts
